AoeStats
← WolfAtic

African Clearing

510299252Analyzed
4v4 RM · 2d ago on Sep 30, 2026· 16m 53s· 8 players
Game mode
Random Map
Map size
Large (8 player)
Population
200
Speed
Normal
Resources
Standard
Victory
Conquest
Starting age
Dark Age
Ending age
Imperial Age
RankedLock teamsTeams togetherTeam positionsShared explorationLock speedFull tech treeHidden civsTurbo modeCheats
Victory
Defeat
🇨🇳 Varangians · China
1170
+16
🇨🇱 Huns · Chile
1169
+19
🇳🇴 Saxons · Norway
1165
+16
🇹🇼 Byzantines · Taiwan
1146
+17
🇨🇳 Cumans · China
1286
-20
🇹🇼 Gurjaras · Taiwan
1131
-15
🇨🇳 Franks · China
1129
-15
🇨🇳 Varangians · China
1127
-24
Ponz
10:41 Loom
13:09 Feudal Age
15:14 Fletching
ArtherRen
5:44 Loom
12:31 Feudal Age
13:36 Double-Bit Axe
13:34 Horse Collar
小敏
15:05 Feudal Age
16:08 Loom
WolfAtic
15:29 Feudal Age
15:52 Horse Collar
15:59 Double-Bit Axe
stu060401
3:33 Loom
13:34 Feudal Age
dy小妖
9:56 Loom
12:47 Feudal Age
14:04 Double-Bit Axe
14:03 Horse Collar
小明同学
16:18 Feudal Age
16:45 Double-Bit Axe
16:43 Horse Collar
渣渣灰
9:41 Loom
17:08 Feudal Age
Connection lost

Rejoining the realm…

Still unreachable

The connection could not be restored.

Session expired

The server has moved on; the page needs a fresh start.